 Dungeon Crawl Stone Soup version 0.31-a0-844-gdc52ec4e09 (webtiles) character file.

Game seed: 12524844564078256513

56 lonewolfV2 the Shield-Bearer (level 4, -4/37 HPs)
             Began as a Formicid Fighter on Sept 28, 2023.
             Slain by a gnoll
             ... wielding a +0 halberd
              (12 damage)
             ... on level 2 of the Dungeon.
             The game lasted 00:01:17 (1175 turns).

lonewolfV2 the Shield-Bearer (Formicid Fighter)     Turns: 1175, Time: 00:01:18

Health: -4/37      AC:  6    Str: 20    XL:     4   Next: 17%
Magic:  4/4        EV:  9    Int:  8    God:
Gold:   36         SH:  6    Dex: 15    Spells: 3/3 levels left

rFire   . . .        a - +0 war axe
rCold   . . .        c - +1 buckler
rNeg    . . .        b - +0 scale mail
rPois   .            (helmet unavailable)
rElec   .            (no cloak)
rCorr   .            (no gloves)
SInv    +            (no boots)
Will    .....        (no amulet) Stlth
                     (no ring)
HPRegen 0.26/turn    (no ring)
MPRegen 0.09/turn

%: no passive effects
@: no status effects
A: permanent stasis, dig shafts and tunnels, antennae 3, four strong arms
a: Dig, Shaft Self


You were on level 2 of the Dungeon.
You visited 1 branch of the dungeon, and saw 2 of its levels.

You collected 36 gold pieces.

Inventory:

Hand Weapons
 a - a +0 war axe (weapon)
Armour
 b - a +0 scale mail (worn)
 c - a +1 buckler (worn)
Jewellery
 l - an amulet of the acrobat
Scrolls
 f - a scroll of silence {unknown}
 g - a scroll of identify {unknown}
 j - a scroll of revelation
 k - a scroll of summoning {unknown}
Potions
 d - a potion of might
 e - a potion of haste {unknown}
 h - 2 potions of heal wounds {unknown}
 i - 3 potions of curing {unknown}


   Skills:
 + Level 3.7 Fighting
 + Level 3.2 Axes
 + Level 3.6 Armour
 + Level 0.2 Dodging
 + Level 4.3 Shields


You had 3 spell levels left.
You didn't know any spells.
Your spell library was empty.

Dungeon Overview and Level Annotations

Branches:
Dungeon (2/15)

Altars:


Innate Abilities, Weirdness & Mutations

You cannot be hasted, slowed, berserked, paralysed or teleported.
You can dig through walls and to a lower floor.
You have a pair of large antennae on your head. (SInv)
Your four strong arms can wield two-handed weapons with a shield.


Message History

The gnoll is wielding a +0 club.
Found 2 poisoned darts.
The frilled lizard hisses angrily.
The gnoll shouts!
You hear a shout!
A gnoll comes into view. It is wielding a +0 flail.
There are monsters nearby!
There are monsters nearby!
A gnoll comes into view. It is wielding a +0 spear.
The gnoll attacks as it pursues you! You block the gnoll's attack.
You slash the gnoll!
The gnoll is severely wounded.
The gnoll closely misses you.
You hit the gnoll but do no damage.
The gnoll is severely wounded.
A gnoll comes into view. It is wielding a +0 halberd.
The gnoll hits you with a +0 club. x2
You barely miss the gnoll.
The gnoll is severely wounded.
The gnoll shouts!
The gnoll hits you with a +0 club.
You closely miss the gnoll.
The gnoll is severely wounded.
You block the gnoll's attack. The gnoll closely misses you.
The gnoll hits you from afar with a +0 spear.
The gnoll hits you with a +0 club.
You hit the gnoll.
You kill the gnoll!
The gnoll barely misses you.
You have reached level 4!
You feel clever.
You barely miss the gnoll. The gnoll barely misses you.
The gnoll hits you from afar with a +0 halberd!
The gnoll barely misses you.
You closely miss the gnoll. You block the gnoll's attack.
The gnoll hits you from afar with a +0 spear!
* * * LOW HITPOINT WARNING * * *
The gnoll barely misses you. The gnoll hits you but does no damage.
You block the gnoll's attack. The gnoll closely misses you.
You barely miss the gnoll. The gnoll barely misses you.
The gnoll hits you from afar with a +0 halberd!
You die...

#.#########
#.†.......#
#########.#
#.# #.# #.#
#.# # # #.#
.## . #@#
...# #
####g##{....
#..glg......
#.##.##....(
# #.# ....
#.# .## #.#
# ..# ...,{


You could see 3 gnolls and a frilled lizard.

Vanquished Creatures
  A gnoll (D:2)
  An adder (D:2)
  4 endoplasms
  2 giant cockroaches
  6 goblins
  2 hobgoblins
  A kobold (D:2)
  3 quokkas
  5 ball pythons
  2 bats (D:1)
  3 frilled lizards
  5 rats
35 creatures vanquished.

Notes
Turn   | Place    | Note
-------+----------+-------------------------------------------
     0 | D:1      | lonewolfV2 the Formicid Fighter began the quest for the
                  | Orb.
     0 | D:1      | Reached XP level 1. HP: 18/18 MP: 1/1
   164 | D:1      | Reached XP level 2. HP: 24/24 MP: 2/2
   535 | D:1      | Reached XP level 3. HP: 30/30 MP: 3/3
  1173 | D:2      | Reached XP level 4. HP: 20/37 MP: 4/4
  1175 | D:2      | Slain by a gnoll

Illustrated notes

Levels and vault maps discovered:
D:1:      onia_arrival_pyramid, layout_basic
D:2:      layout_loops_ring

Skill      XL: |  1  2  3 |
---------------+----------+-----
Axes           | 3 |  3.2
Fighting       | |  3.7
Armour         | |  3.6
Dodging        | |  0.2
Shields        | |  4.3

Action                     |  1- 3 |  4- 6 || total
---------------------------+-------+-------++-------
  Melee: War axe           |    96 |     3 ||    99
    Use: Scroll            |     4 |       ||     4
 Armour: Scale mail        |    62 |     4 ||    66
  Dodge: Dodged            |    48 |     5 ||    53
  Block: Buckler           |    37 |     2 ||    39

Table legend: (Time is in decaauts)
 A = Elapsed time spent in this place.
 B = Non-inter-level travel time spent in this place.
 C = Inter-level travel time spent in this place.
 D = Time resting spent in this place.
 E = Time spent auto-exploring this place.
 F = Levels seen in this place.
 G = Mean time per level.
                   A        B        C        D        E       F      G
               +--------+--------+--------+--------+--------+-----+--------+
         Total |   1215 |   1199 |     16 |      0 |    853 |   2 |  607.5 |
       Dungeon |   1215 |   1199 |     16 |      0 |    853 |   2 |  607.5 |
               +--------+--------+--------+--------+--------+-----+--------+

Top non-repeatable levels by time:
     D:1: 808 daAuts
     D:2: 407 daAuts
